 Dungeon Crawl Stone Soup version 0.31-a0-1522-g43313d8a59 (webtiles) character file.

Game seed: 1895877730839818958

127 lcaldwell the Cudgeller (level 4, -2/61 HPs)
             Began as a Minotaur Berserker on Dec 30, 2023.
             Was a Believer of Trog.
             Killed by divine providence
             ... invoked by an orc priest
              (9 damage)
             ... on level 3 of the Dungeon.
             The game lasted 00:23:08 (2285 turns).

lcaldwell the Cudgeller (Minotaur Berserker)        Turns: 2285, Time: 00:23:08

Health: -2/61      AC:  2    Str: 23    XL:     4   Next: 85%
Magic:  3/3        EV: 12    Int:  4    God:    Trog [**....]
Gold:   202        SH:  5    Dex: 10    Spells: 3/3 levels left

rFire   . . .        a - +0 mace
rCold   . . .        (no shield)
rNeg    . . .        b - +0 animal skin
rPois   .            (helmet restricted)
rElec   .            (no cloak)
rCorr   .            (no gloves)
SInv    .            (no boots)
Will    ++...        h - amulet of reflection Stlth
                     (no ring)
HPRegen 1.30/turn    (no ring)
MPRegen 0.08/turn

%: reflection
@: berserking, strong-willed, regenerating, very quick
A: horns 2, retaliatory headbutt
a: Renounce Religion, Berserk, Trog's Hand


You were on level 3 of the Dungeon.
You worshipped Trog.
Trog was pleased with you.
You visited 1 branch of the dungeon, and saw 3 of its levels.

You collected 202 gold pieces.

Inventory:

Hand Weapons
 a - a +0 mace (weapon)
Armour
 b - a +0 animal skin (worn)
Jewellery
 h - an amulet of reflection (around neck)
 o - an amulet of reflection
Talismans
 j - a beast talisman
Wands
 l - a wand of mindburst (13)
Scrolls
 d - 4 scrolls of fear {unknown}
 e - a scroll of fog {unknown}
 g - a scroll of identify {unknown}
 i - a scroll of brand weapon {unknown}
 k - a scroll of teleportation {unknown}
 m - a scroll of enchant armour {unknown}
 p - a scroll of blinking {unknown}
Potions
 c - a potion of attraction {unknown}
 f - 2 potions of ambrosia {unknown}
 n - 2 potions of haste {unknown}


   Skills:
 + Level 4.9 Fighting
 + Level 5.1 Maces & Flails
 + Level 2.6 Armour
 + Level 3.1 Dodging
 + Level 0.1 Stealth
 + Level 0.2 Shields


You had 3 spell levels left.
You didn't know any spells.
Your spell library contained the following spells:

 Spells                   Type           Power      Damage    Failure   Level
 Apportation              Tloc           0%         N/A       50%         1
 Necrotise                Necr           0%         1d4       50%         1
 Sandblast                Erth           0%         2d4       50%         1
 Sting                    Conj/Alch      0%         1d3       50%         1
 Summon Small Mammal      Summ           0%         N/A       50%         1
 Passwall                 Erth           0%         N/A       86%         3
 Stone Arrow              Conj/Erth      0%         3d7       86%         3
 Brom's Barrelling Bould  Conj/Erth      0%         2d3       99%         4


Dungeon Overview and Level Annotations

Branches:
Dungeon (3/15)

Altars:
Vehumet

Shops:
D:3 *


Innate Abilities, Weirdness & Mutations

You have a pair of horns on your head.
You reflexively headbutt those who attack you in melee.


Message History

You hit something.
You hear some strange, mumbled words.
A magic dart appears from out of thin air!
The magic dart hits you.
The orc priest invokes the aid of Beogh against you.
Beogh smites you!
You barely miss something. Something hits you but does no damage.
Something hits you.
You hit something.
The orc priest calls down the wrath of Beogh upon you.
You hear some strange, mumbled words.
Something tries to affect you, but you resist.
You hit something but do no damage. Something hits you but does no damage.
You hit something. Trog accepts your kill.
Trog appreciates your killing of a magic user.
Reactivating autopickup.
You feel a bit more experienced.
Your Maces & Flails skill increases to level 5!
Your Dodging skill increases to level 3!
You barely miss the orc. Your headbutt misses the orc.
The orc closely misses you. You furiously retaliate!
You headbutt the orc. You hit the orc.
You kill the orc!
Trog accepts your kill.
The orc priest mumbles some strange prayers to Beogh against you.
Beogh smites you!
* * * LOW HITPOINT WARNING * * *
Your skin crawls.
You feel strong-willed.
You hit the orc priest.
The orc priest is moderately wounded.
The orc priest invokes the aid of Beogh against you.
Beogh smites you!
* * * LOW HITPOINT WARNING * * *
A red film seems to cover your vision as you go berserk!
You feel yourself moving faster!
You feel mighty!
The orc priest mumbles some strange prayers to Beogh against you.
Beogh smites you!
You die...

##.# #.# ### #.##.#.##.#
## ..># .. ###
#.##......# # #### ...
..# ##.#### # ##
#.########.## ## .##
#.##........#### ##(
..##
#.##.##........###..
...## #
#.##.##..##.##... ....#
..#.#.##.##.#...##.#.)..
....+
......o@...........'....
∩...#
.?....##.##.....##.#....
...## .####
#.##........#.#.# ..##
#.###.##.####.... .##
#.. .....# #.#.# ##
####..#### #.... # #.##
##.## # #. #... ## #.
####


You could see an orc priest.

Vanquished Creatures
  An orc wizard (D:3)
  2 adders
  4 dart slugs
  3 ribbon worms
  4 orcs (D:3)
  3 bats
  5 endoplasms
  3 giant cockroaches
  A goblin (D:1)
  8 hobgoblins
  7 jackals (D:1)
  4 quokkas
  5 ball pythons
  3 frilled lizards (D:1)
  6 kobolds
  2 rats
61 creatures vanquished.

Notes
Turn   | Place    | Note
-------+----------+-------------------------------------------
     0 | D:1      | lcaldwell the Minotaur Berserker began the quest for the
                  | Orb.
     0 | D:1      | Reached XP level 1. HP: 19/19 MP: 0/0
    55 | D:1      | Reached XP level 2. HP: 23/27 MP: 1/1
   147 | D:1      | Reached skill level 4 in Maces & Flails
   277 | D:1      | Reached XP level 3. HP: 33/33 MP: 2/2
  1296 | D:2      | Reached ** piety under Trog
  1421 | D:2      | Reached XP level 4. HP: 33/41 MP: 3/3
  2074 | D:3      | Found Isotrur's Assorted Antiques.
  2133 | D:3      | Found a radiant altar of Vehumet.
  2281 | D:3      | Reached skill level 5 in Maces & Flails
  2285 | D:3      | Killed from afar by an orc priest

Illustrated notes

Levels and vault maps discovered:
D:1:      dpeg_arrival_erosion, layout_rooms
D:2:      layout_basic
D:3:      layout_loops_corners, grunt_temple_overflow_open, lemuel_doored_altar,
          lightli_temple_of_fire, serial_shops, shop, serial_glass,
          glass_columns_a, glass_columns_a

Skill      XL: |  1  2  3  4 |
---------------+-------------+-----
Fighting       | 4 |  4.9
Maces & Flails | 4 5 |  5.1
Dodging        | 3 |  3.1
Armour         | |  2.6
Stealth        | |  0.1
Shields        | |  0.2

Action                     |  1- 3 |  4- 6 || total
---------------------------+-------+-------++-------
  Melee: Mace              |    85 |    39 ||   124
         Headbutt          |     5 |     7 ||    12
 Invoke: Berserk           |       |     1 ||     1
         Trog's Hand       |       |     1 ||     1
 Armour: Animal skin       |    51 |    17 ||    68
  Dodge: Dodged            |    72 |    21 ||    93
  Block: Other             |    10 |     2 ||    12
         Reflection        |     1 |     1 ||     2

Table legend: (Time is in decaauts)
 A = Elapsed time spent in this place.
 B = Non-inter-level travel time spent in this place.
 C = Inter-level travel time spent in this place.
 D = Time resting spent in this place.
 E = Time spent auto-exploring this place.
 F = Levels seen in this place.
 G = Mean time per level.
                   A        B        C        D        E       F      G
               +--------+--------+--------+--------+--------+-----+--------+
         Total |   2306 |   2256 |     50 |    206 |    290 |   3 |  768.7 |
       Dungeon |   2306 |   2256 |     50 |    206 |    290 |   3 |  768.7 |
               +--------+--------+--------+--------+--------+-----+--------+

Top non-repeatable levels by time:
     D:2: 1088 daAuts
     D:1: 735 daAuts
     D:3: 482 daAuts
